General information
- name: BNet
- type: Ladder team game (AT/RT)
- host: Battle.net
- saver: 21382411528isdi
map: Cherryville
- players: 8
- length: 41:43
- speed: Fast
- version: 1.26 W3XP
- replay type: Public
» download(211 KB)
Players
team 1 (loser)

»
brainfart (
green | 37 APM | 963 actions | 25:57)
5 Mountain King
3 Storm Bolt
2 Bash
» actions
| Assign group hotkey | 46 | |
| Basic commands | 7 | |
| Build / train | 85 | |
| Enter build submenu | 33 | |
| Enter hero's abilities submenu | 6 | |
| Remove unit from queue | 2 | |
| Right click | 340 | |
| Select / deselect | 304 | |
| Select group hotkey | 60 | |
| Use ability | 80 | |
963 total
» units
| Peasant | 16 | |
| Footman | 13 | |
| Rifleman | 10 | |
| Flying Machine | 12 | |
51 total
» upgrades
| Defend | 1 | |
| Masonry | 3 | |
| Swords | 1 | |
| Plating | 1 | |
| Gunpowder | 2 | |
| Long Rifles | 1 | |
| Lumber Harvesting | 1 | |
| Flak Cannons | 1 | |
| Flying Machine Bombs | 1 | |
12 total
» buildings
| Altar of Kings | 1 | |
| Farm | 11 | |
| Barracks | 2 | |
| Scout Tower | 11 | |
| Arcane Tower | 2 | |
| Blacksmith | 1 | |
| Arcane Vault | 1 | |
| Lumber Mill | 1 | |
| Guard Tower | 4 | |
| Keep | 1 | |
| Workshop | 3 | |
| Castle | 1 | |
| Town Hall | 2 | |
41 total
» build order
00:31 Altar of Kings
00:36 Farm
00:55 Barracks
01:01 Barracks
01:12 Farm
02:00 Scout Tower
02:12 Farm
02:33 Arcane Tower
02:35 Arcane Tower
03:21 Blacksmith
03:59 Arcane Vault
04:09 Farm
04:55 Farm
05:19 Scout Tower
05:35 Farm
05:40 Lumber Mill
05:58 Scout Tower
06:25 Scout Tower
06:30 Scout Tower
06:36 Scout Tower
07:30 Guard Tower
08:04 Farm
08:35 Keep
09:19 Scout Tower
10:21 Guard Tower
10:27 Scout Tower
10:35 Farm
10:58 Guard Tower
11:57 Farm
12:31 Workshop
12:44 Workshop
15:58 Castle
17:47 Workshop
17:53 Scout Tower
17:58 Scout Tower
18:01 Scout Tower
18:31 Guard Tower
18:33 Farm
18:36 Farm
20:08 Town Hall
25:28 Town Hall
» items
| Scroll of Regeneration | 3 | |
| Lesser Clarity Potion | 1 | |
| Scroll of Town Portal | 3 | |
7 total

»
cmurdaa (
teal | 28 APM | 440 actions | 15:46)
2 Demon Hunter
1 Mana Burn
1 Immolation
» actions
| Assign group hotkey | 4 | |
| Basic commands | 10 | |
| Build / train | 23 | |
| Enter build submenu | 13 | |
| Enter hero's abilities submenu | 2 | |
| Right click | 83 | |
| Select / deselect | 117 | |
| Select group hotkey | 160 | |
| Use ability | 28 | |
440 total
» units
| Wisp | 13 | |
| Huntress | 2 | |
| Glaive Thrower | 1 | |
16 total
» upgrades
» buildings
| Moon Well | 4 | |
| Hunter's Hall | 1 | |
| Ancient of War | 1 | |
| Altar of Elders | 1 | |
| Ancient of Wonders | 1 | |
8 total
» build order
00:17 Moon Well
01:14 Hunter's Hall
01:34 Ancient of War
01:41 Moon Well
01:53 Moon Well
02:07 Altar of Elders
02:17 Moon Well
03:26 Ancient of Wonders
» items
| Lesser Clarity Potion | 1 | |
| Potion of Healing | 1 | |
| Scroll of Town Portal | 1 | |
3 total
21382411528isdi (
purple | 79 APM | 3311 actions | 41:43)
5 Death Knight
3 Death Coil
2 Unholy Aura
1 Lich
1 Frost Nova
1 Naga Sea Witch
1 Frost Arrows
» actions
| Assign group hotkey | 40 | |
| Basic commands | 121 | |
| Build / train | 217 | |
| Enter build submenu | 42 | |
| Enter hero's abilities submenu | 8 | |
| Give item / drop item | 4 | |
| Remove unit from queue | 1 | |
| Right click | 1038 | |
| Select / deselect | 447 | |
| Select group hotkey | 1266 | |
| Use ability | 127 | |
3311 total
» units
| Acolyte | 22 | |
| Ghoul | 7 | |
| Crypt Fiend | 10 | |
| Goblin Sapper | 1 | |
| Abomination | 1 | |
41 total
» upgrades
| Creature Attack | 3 | |
| Creature Carapace | 3 | |
| Web | 1 | |
| Burrow | 1 | |
| Disease Cloud | 1 | |
| Ghoul Frenzy | 1 | |
| Unholy Armor | 3 | |
| Backpack | 2 | |
| Cannibalize | 1 | |
| Unholy Strength | 3 | |
| Destroyer Form | 1 | |
| Exhume Corpses | 1 | |
| Stone Form | 1 | |
22 total
» buildings
| Graveyard | 1 | |
| Crypt | 1 | |
| Altar of Darkness | 1 | |
| Ziggurat | 29 | |
| Tomb of Relics | 1 | |
| Nerubian Tower | 30 | |
| Spirit Tower | 58 | |
| Halls of the Dead | 9 | |
| Black Citadel | 2 | |
| Necropolis | 4 | |
| Slaughterhouse | 1 | |
137 total
» build order
00:21 Graveyard
00:24 Crypt
00:51 Altar of Darkness
01:08 Ziggurat
01:23 Tomb of Relics
01:54 Ziggurat
04:24 Ziggurat
05:48 Nerubian Tower
05:49 Nerubian Tower
05:51 Spirit Tower
05:51 Spirit Tower
08:51 Spirit Tower
08:51 Spirit Tower
08:51 Spirit Tower
08:58 Ziggurat
09:11 Ziggurat
10:14 Nerubian Tower
10:15 Nerubian Tower
10:15 Nerubian Tower
10:37 Halls of the Dead
11:31 Spirit Tower
11:32 Spirit Tower
13:02 Black Citadel
14:15 Necropolis
15:19 Slaughterhouse
16:28 Ziggurat
16:28 Ziggurat
16:44 Ziggurat
17:42 Nerubian Tower
17:42 Nerubian Tower
17:54 Spirit Tower
17:54 Spirit Tower
17:55 Spirit Tower
18:06 Spirit Tower
18:06 Spirit Tower
18:06 Spirit Tower
18:20 Ziggurat
18:54 Ziggurat
20:30 Spirit Tower
20:31 Spirit Tower
20:31 Spirit Tower
20:33 Spirit Tower
20:33 Spirit Tower
20:33 Spirit Tower
20:41 Ziggurat
20:47 Ziggurat
20:57 Nerubian Tower
20:57 Nerubian Tower
21:04 Necropolis
21:38 Nerubian Tower
21:38 Nerubian Tower
21:40 Spirit Tower
21:40 Spirit Tower
22:17 Ziggurat
22:19 Ziggurat
22:22 Ziggurat
22:24 Ziggurat
22:30 Ziggurat
22:34 Ziggurat
22:37 Ziggurat
22:42 Ziggurat
23:09 Halls of the Dead
23:09 Halls of the Dead
23:11 Spirit Tower
23:11 Spirit Tower
23:12 Spirit Tower
23:14 Nerubian Tower
23:15 Nerubian Tower
23:15 Nerubian Tower
23:19 Spirit Tower
23:19 Spirit Tower
23:19 Spirit Tower
23:27 Spirit Tower
23:27 Spirit Tower
23:33 Ziggurat
25:57 Spirit Tower
25:57 Spirit Tower
25:59 Nerubian Tower
25:59 Nerubian Tower
25:59 Nerubian Tower
26:01 Nerubian Tower
26:01 Nerubian Tower
26:02 Spirit Tower
26:02 Spirit Tower
26:05 Ziggurat
26:07 Ziggurat
26:10 Ziggurat
26:11 Halls of the Dead
26:12 Halls of the Dead
30:29 Necropolis
33:07 Nerubian Tower
33:07 Nerubian Tower
33:08 Spirit Tower
33:08 Spirit Tower
33:08 Spirit Tower
33:09 Spirit Tower
33:09 Spirit Tower
33:09 Spirit Tower
34:05 Ziggurat
34:06 Ziggurat
34:07 Ziggurat
34:08 Ziggurat
34:09 Ziggurat
34:31 Halls of the Dead
34:31 Halls of the Dead
35:34 Spirit Tower
35:34 Spirit Tower
35:36 Nerubian Tower
35:36 Nerubian Tower
35:36 Nerubian Tower
35:36 Nerubian Tower
35:37 Spirit Tower
35:37 Spirit Tower
35:37 Spirit Tower
35:37 Spirit Tower
35:38 Spirit Tower
35:38 Spirit Tower
35:38 Spirit Tower
36:35 Necropolis
» items
| Rod of Necromancy | 2 | |
| Lesser Clarity Potion | 1 | |
| Scroll of Regeneration | 2 | |
| Mechanical Critter | 4 | |
| Sacrificial Skull | 1 | |
| Scroll of Town Portal | 2 | |
| Periapt of Vitality | 2 | |
| Staff of Teleportation | 3 | |
| Boots of Speed | 2 | |
| Scroll of Protection | 1 | |
| Scroll of Healing | 1 | |
| Potion of Lesser Invulnerability | 1 | |
| Circlet of Nobility | 1 | |
23 total
Heat (
blue | 42 APM | 1735 actions | 41:43)
5 Blademaster
3 Wind Walk
2 Critical Strike
» actions
| Assign group hotkey | 22 | |
| Basic commands | 47 | |
| Build / train | 98 | |
| Enter build submenu | 56 | |
| Enter hero's abilities submenu | 6 | |
| Give item / drop item | 11 | |
| Remove unit from queue | 8 | |
| Right click | 933 | |
| Select / deselect | 343 | |
| Select group hotkey | 25 | |
| Use ability | 186 | |
1735 total
» units
| Peon | 19 | |
| Grunt | 5 | |
| Troll Batrider | 2 | |
| Wind Rider | 1 | |
27 total
» upgrades
| Spiked Barricades | 2 | |
| Reinforced Defenses | 1 | |
| Ranged Weapons | 1 | |
4 total
» buildings
| Orc Burrow | 6 | |
| Altar of Storms | 1 | |
| Barracks | 1 | |
| War Mill | 2 | |
| Voodoo Lounge | 1 | |
| Watch Tower | 32 | |
| Stronghold | 6 | |
| Fortress | 6 | |
| Beastiary | 3 | |
| Great Hall | 2 | |
60 total
» build order
02:53 Orc Burrow
02:55 Altar of Storms
03:12 Barracks
04:39 Orc Burrow
04:43 Orc Burrow
05:43 War Mill
06:53 Voodoo Lounge
07:06 Watch Tower
07:28 Watch Tower
07:31 Watch Tower
07:42 Watch Tower
08:11 Watch Tower
08:40 Watch Tower
08:43 Watch Tower
09:11 Watch Tower
10:05 Stronghold
10:06 Stronghold
10:06 Stronghold
10:06 Stronghold
10:22 Watch Tower
10:33 Watch Tower
10:53 Watch Tower
12:38 Watch Tower
12:40 Watch Tower
12:44 Fortress
12:45 Fortress
12:45 Fortress
12:45 Fortress
13:10 Watch Tower
13:41 Watch Tower
13:51 Watch Tower
14:15 Watch Tower
14:42 Watch Tower
15:49 Watch Tower
16:05 Watch Tower
16:12 Watch Tower
17:08 Watch Tower
17:12 Watch Tower
17:14 Watch Tower
17:18 Watch Tower
17:22 Watch Tower
17:46 Watch Tower
17:50 Watch Tower
18:13 Watch Tower
18:35 Beastiary
18:38 Beastiary
18:51 Orc Burrow
18:56 Orc Burrow
22:28 Great Hall
22:31 Beastiary
22:43 Watch Tower
22:45 Watch Tower
22:46 Watch Tower
23:10 War Mill
27:26 Orc Burrow
27:49 Great Hall
» items
| Healing Salve | 3 | |
| Orb of Lightning | 3 | |
| Potion of Healing | 5 | |
| Tiny Great Hall | 4 | |
| Scroll of Town Portal | 1 | |
| Periapt of Vitality | 1 | |
| Potion of Lesser Invulnerability | 5 | |
22 total
team 2 (winner)

»
m0xxa (
red | 0 APM | 4 actions | 41:43)

»
Angry_Birds (
pink | 54 APM | 1532 actions | 28:11)
1 Lich
1 Frost Nova
5 Dreadlord
3 Vampiric Aura
1 Sleep
1 Carrion Swarm
3 Death Knight
1 Death Coil
2 Unholy Aura
» actions
| Assign group hotkey | 103 | |
| Build / train | 83 | |
| Enter build submenu | 22 | |
| Enter hero's abilities submenu | 10 | |
| Give item / drop item | 4 | |
| Remove unit from queue | 1 | |
| Right click | 614 | |
| Select / deselect | 369 | |
| Select group hotkey | 250 | |
| Use ability | 75 | |
1532 total
» units
| Acolyte | 12 | |
| Ghoul | 10 | |
| Gargoyle | 16 | |
| Frost Wyrm | 3 | |
41 total
» upgrades
| Unholy Strength | 1 | |
| Cannibalize | 1 | |
| Unholy Armor | 2 | |
| Creature Attack | 3 | |
| Creature Carapace | 3 | |
10 total
» buildings
| Crypt | 2 | |
| Ziggurat | 10 | |
| Altar of Darkness | 1 | |
| Tomb of Relics | 1 | |
| Graveyard | 1 | |
| Halls of the Dead | 1 | |
| Black Citadel | 1 | |
| Spirit Tower | 4 | |
| Nerubian Tower | 2 | |
| Sacrificial Pit | 1 | |
| Boneyard | 1 | |
25 total
» build order
00:34 Crypt
00:47 Ziggurat
00:51 Altar of Darkness
00:55 Tomb of Relics
01:22 Ziggurat
03:00 Graveyard
03:07 Ziggurat
04:05 Halls of the Dead
06:30 Black Citadel
07:38 Crypt
08:48 Ziggurat
09:05 Ziggurat
13:36 Ziggurat
17:00 Spirit Tower
17:02 Spirit Tower
17:03 Nerubian Tower
17:51 Spirit Tower
17:53 Spirit Tower
20:54 Sacrificial Pit
22:40 Ziggurat
22:42 Ziggurat
23:00 Boneyard
24:40 Ziggurat
26:25 Nerubian Tower
26:30 Ziggurat
» items
| Rod of Necromancy | 1 | |
| Scroll of Healing | 3 | |
| Potion of Lesser Invulnerability | 2 | |
| Boots of Speed | 1 | |
| Healing Salve | 1 | |
| Orb of Lightning | 1 | |
| Scroll of Town Portal | 2 | |
11 total
SCIENCE.KID (
orange | 53 APM | 2206 actions | 41:43)
4 Blademaster
2 Wind Walk
2 Critical Strike
4 Shadow Hunter
2 Hex
2 Healing Wave
» actions
| Assign group hotkey | 17 | |
| Basic commands | 49 | |
| Build / train | 63 | |
| Enter build submenu | 16 | |
| Enter hero's abilities submenu | 8 | |
| Give item / drop item | 2 | |
| Right click | 959 | |
| Select / deselect | 242 | |
| Select group hotkey | 731 | |
| Use ability | 119 | |
2206 total
» units
| Peon | 12 | |
| Wind Rider | 9 | |
| Goblin Shredder | 1 | |
| Goblin Sapper | 4 | |
| Raider | 2 | |
| Acolyte | 2 | |
30 total
» upgrades
| Reinforced Defenses | 1 | |
| Envenomed Spears | 1 | |
| Ranged Weapons | 2 | |
| Armor | 2 | |
6 total
» buildings
| Altar of Storms | 2 | |
| Orc Burrow | 6 | |
| War Mill | 1 | |
| Voodoo Lounge | 2 | |
| Stronghold | 1 | |
| Beastiary | 3 | |
| Fortress | 1 | |
| Watch Tower | 16 | |
32 total
» build order
00:34 Altar of Storms
00:37 Altar of Storms
00:41 Orc Burrow
01:22 War Mill
01:26 Voodoo Lounge
02:26 Stronghold
02:43 Orc Burrow
02:53 Orc Burrow
03:06 Voodoo Lounge
03:20 Orc Burrow
05:22 Beastiary
05:22 Beastiary
05:49 Fortress
10:45 Watch Tower
10:46 Watch Tower
10:46 Watch Tower
10:46 Watch Tower
13:57 Beastiary
14:01 Orc Burrow
14:01 Orc Burrow
14:35 Watch Tower
14:36 Watch Tower
14:36 Watch Tower
15:46 Watch Tower
15:46 Watch Tower
15:47 Watch Tower
15:47 Watch Tower
23:41 Watch Tower
23:42 Watch Tower
23:42 Watch Tower
23:43 Watch Tower
23:44 Watch Tower
» items
| Healing Salve | 3 | |
| Lesser Clarity Potion | 1 | |
| Potion of Healing | 1 | |
| Potion of Mana | 2 | |
| Staff of Teleportation | 2 | |
| Potion of Lesser Invulnerability | 1 | |
| Boots of Speed | 2 | |
| Tiny Great Hall | 1 | |
| Orb of Lightning | 1 | |
| Dust of Appearance | 1 | |
15 total
WhatALovelyDay (
yellow | 52 APM | 2170 actions | 41:37)
7 Blademaster
3 Wind Walk
3 Critical Strike
1 Bladestorm
» actions
| Assign group hotkey | 78 | |
| Basic commands | 28 | |
| Build / train | 83 | |
| Enter build submenu | 23 | |
| Enter hero's abilities submenu | 7 | |
| Give item / drop item | 2 | |
| Remove unit from queue | 1 | |
| Right click | 1160 | |
| Select / deselect | 440 | |
| Select group hotkey | 195 | |
| Use ability | 153 | |
2170 total
» units
| Peon | 12 | |
| Grunt | 8 | |
| Wind Rider | 12 | |
| Goblin Shredder | 1 | |
| Demolisher | 7 | |
| Troll Batrider | 4 | |
| Acolyte | 1 | |
| Troll Witch Doctor | 5 | |
50 total
» upgrades
| Ranged Weapons | 3 | |
| Armor | 3 | |
| Envenomed Spears | 1 | |
| Reinforced Defenses | 1 | |
| Burning Oil | 1 | |
| Spiked Barricades | 2 | |
| Berserker Strength | 1 | |
| Liquid Fire | 1 | |
| Troll Regeneration | 1 | |
14 total
» buildings
| Orc Burrow | 5 | |
| Altar of Storms | 1 | |
| Barracks | 3 | |
| Voodoo Lounge | 1 | |
| Stronghold | 1 | |
| War Mill | 3 | |
| Fortress | 1 | |
| Beastiary | 5 | |
| Great Hall | 1 | |
| Spirit Lodge | 4 | |
25 total
» build order
00:14 Orc Burrow
00:58 Altar of Storms
00:59 Barracks
01:12 Orc Burrow
02:01 Voodoo Lounge
03:13 Stronghold
03:50 Orc Burrow
04:45 War Mill
06:36 Fortress
06:53 Beastiary
06:54 Beastiary
07:08 Orc Burrow
08:02 Great Hall
13:53 War Mill
13:55 War Mill
14:12 Orc Burrow
15:32 Beastiary
15:34 Beastiary
15:35 Beastiary
17:11 Barracks
17:12 Barracks
33:35 Spirit Lodge
33:35 Spirit Lodge
33:38 Spirit Lodge
33:38 Spirit Lodge
» items
| Healing Salve | 3 | |
| Boots of Speed | 1 | |
| Periapt of Vitality | 2 | |
| Scroll of Town Portal | 1 | |
| Dust of Appearance | 1 | |
8 total
Chat log
(00:20 / All) WhatALovelyDay: OOOOOOOOOOOO
(00:23 / All) WhatALovelyDay: I love oyu so!
(00:28 / All) WhatALovelyDay: BUT WHY I LOVE YOU I NEVER KNOW!
(00:30 / All) WhatALovelyDay: OOOOOOOOOOOOOOOO
(00:31 / All) WhatALovelyDay: I LOVE YO US
(00:49 / Allies) cmurdaa: ill take blues mine if he dosent show
(00:55 / All) Angry_Birds: meow
(01:32 / All) WhatALovelyDay: OOOOOOOOOOOOOOO
(01:39 / All) WhatALovelyDay: but why I love you I never know
(01:53 / All) Angry_Birds: MEOW
(04:04 / Allies) cmurdaa: green come kill some food buildings i got some glaves coming
(04:28 / Allies) Heat: purple must be eneies bot
(04:32 / Allies) Heat: look he working with them
(04:41 / All) 21382411528isdi: "purple must be eneies bot look he working with them" - blue
(04:47 / Allies) Heat: yeah
(05:29 / Allies) Heat: militia tp and save him green
(05:44 / Allies) cmurdaa: why pick me
(05:54 / Allies) Heat: gfreen miltita tp and save teal
(07:24 / Allies) cmurdaa: wtf
(07:41 / Allies) 21382411528isdi: wtf urself pick
(07:43 / Allies) 21382411528isdi: prick
(07:48 / Allies) cmurdaa: what did i do
(07:53 / Allies) 21382411528isdi: unpaused the game
(07:58 / Allies) 21382411528isdi: and didn't give the enemy a chance to come back
(07:58 / Allies) brainfart: lol
(07:59 / Allies) 21382411528isdi: bm
(07:59 / Allies) Heat: he is oj's friend
(08:14 / Allies) 21382411528isdi: wrong
(08:15 / All) cmurdaa: lol
(08:24 / Allies) cmurdaa: ok there.. big guy
(08:26 / Allies) 21382411528isdi: Yellow is my friend
(08:31 / Allies) 21382411528isdi: orange is my bitch
(08:38 / Allies) cmurdaa: cry me a river
(09:08 / Allies) cmurdaa: go blow your dad you fag
(09:33 / All) 21382411528isdi: Tela reduced to just a hunte's hall
(09:37 / All) 21382411528isdi: and a hero
(11:07 / All) WhatALovelyDay: WTF
(11:24 / All) WhatALovelyDay: my controls were all jacked or something
(12:19 / Allies) Heat: go hit now
(12:21 / Allies) Heat: i killed all 3 armies
(12:53 / Allies) Heat: go hit them green
(13:19 / All) WhatALovelyDay: i had to lower bwidth
(13:21 / All) WhatALovelyDay: on utorrent
(13:43 / All) 21382411528isdi: on vacation I have 9 mb/s internet unlimited
(15:12 / All) WhatALovelyDay: omg lol
(15:16 / All) WhatALovelyDay: I looked away
(15:19 / All) WhatALovelyDay: real quick
(15:22 / All) WhatALovelyDay: right in into the towers
(23:24 / Allies) brainfart: gold for tp
(25:03 / Allies) brainfart: grab that ring for me blu
(25:07 / Allies) Heat: got it
(25:18 / Allies) Heat: ill give ya hero when he revives
(26:39 / All) Angry_Birds: lols
(26:45 / All) 21382411528isdi: out pink u lose
(26:58 / All) Angry_Birds: wyrms pumpon
(28:53 / All) SCIENCE.KID: we shoulda just left our instinctusually aint off
(29:11 / All) 21382411528isdi: k
(29:13 / All) 21382411528isdi: who lose and win
(29:15 / All) 21382411528isdi: I ho[pe we play moe
(29:17 / All) 21382411528isdi: cuz this gmae sux
(29:19 / All) WhatALovelyDay: red lose
(29:32 / All) WhatALovelyDay: red is a fag don't deserve no free win
(29:34 / All) 21382411528isdi: oh red and blue still hee
(29:41 / All) 21382411528isdi: yeah]
(29:45 / All) 21382411528isdi: u tea mlose
(29:46 / All) WhatALovelyDay: blue is noob
(29:48 / All) SCIENCE.KID: no sstandoff
(29:53 / All) WhatALovelyDay: blue you like michael mann
(30:02 / All) SCIENCE.KID: blue is noob even tho we couldnt kill him w/ 3 players
(30:04 / All) WhatALovelyDay: blue talked at all?
(30:08 / All) Heat: lol. u 3 all suck tbh
(30:11 / All) Heat: im just fucking about
(30:13 / All) WhatALovelyDay: he had toewrs
(30:14 / All) Heat: like u r haha
(30:19 / All) WhatALovelyDay: blue you're terrible
(30:25 / All) Heat: your bad even with mh haha
(30:29 / All) WhatALovelyDay: who has mh lawl!
(30:31 / All) SCIENCE.KID: out blue
(30:32 / All) Heat: u do
(30:33 / All) SCIENCE.KID: out
(30:37 / All) WhatALovelyDay: How do oyu figure retard
(30:38 / All) Heat: i dont need win
(30:40 / All) Heat: let red win haha
(30:42 / All) 21382411528isdi: I drank a shitload of moonshine and raped your ass all game blue
(30:47 / All) Heat: im 0-2
(30:54 / All) Heat: this acct is for afk / fuk about anyways haha
(30:55 / All) WhatALovelyDay: If I had mh we wouldn't have attacked your base
(30:57 / All) 21382411528isdi: no wonder you are 0-2
(30:59 / All) WhatALovelyDay: I thought you had 3 towers
(31:03 / All) 21382411528isdi: haha!!!!
(31:03 / All) Heat: looool
(31:05 / All) 21382411528isdi: you ae shit
(31:07 / All) 21382411528isdi: You got raped
(31:08 / All) Heat: you suck anyways
(31:09 / All) 21382411528isdi: admit it
(31:11 / All) WhatALovelyDay: you're terrible
(31:12 / All) Heat: prob played 4v4 all ya life
(31:13 / All) WhatALovelyDay: wtih bm
(31:17 / All) WhatALovelyDay: you did nothing with the best hero in the game
(31:19 / All) WhatALovelyDay: for soloing
(31:23 / All) SCIENCE.KID: blue you have no units, u are an observer
(31:23 / All) Heat: i liked it whne i beat 3 of your armies alone.
(31:25 / All) Heat: that was funny
(31:26 / All) 21382411528isdi: I have 130 average when I'm not mastubating or drinking all game
(31:28 / All) WhatALovelyDay: yeah
(31:30 / All) 21382411528isdi: apm
(31:31 / All) WhatALovelyDay: you're retarded
(31:36 / All) WhatALovelyDay: you had towers and we attacked
(31:37 / All) 21382411528isdi: I know every strat evey race
(31:39 / All) WhatALovelyDay: that's not skill retard
(31:39 / All) 21382411528isdi: me pefect micro
(31:48 / All) Heat: pinbk was best plauyer on your team
(31:48 / All) 21382411528isdi: me threesome every two week
(31:50 / All) 21382411528isdi: you suck
(31:53 / All) WhatALovelyDay: my base was easy pickins you did nothing
(32:01 / All) Heat: KODO #1
(32:09 / All) Heat: your hacker amatuers haha
(32:12 / All) 21382411528isdi: kollol
(32:30 / All) SCIENCE.KID: this game was a waste; shoulda left
(32:35 / All) 21382411528isdi: yeah
(32:43 / All) 21382411528isdi: we only have no0ob scrubs like that pick
(32:45 / All) Heat: haha u tried and failed to kill bm all game dude
(33:12 / All) WhatALovelyDay: wow you are good dawg
(33:14 / All) WhatALovelyDay: you can wind walk
(33:17 / All) 21382411528isdi: Man this keyboard is hard to get used to
(33:19 / All) 21382411528isdi: sitll not used to it
(33:25 / All) SCIENCE.KID: i never actually tried to kill ur bm, only teals hero and green mk
(33:28 / All) 21382411528isdi: pink is #1 playe on battle.net\
(33:33 / All) Heat: not u , yellow
(33:36 / All) 21382411528isdi: #1 orc on all 4v4 rt
(33:41 / All) SCIENCE.KID: oh
(33:42 / All) 21382411528isdi: I mean blue
(33:44 / All) SCIENCE.KID: u can shit talk
(33:45 / All) SCIENCE.KID: yellow
(33:47 / All) 21382411528isdi: or whoeve]
(36:39 / All) SCIENCE.KID: woot got image
(36:45 / All) WhatALovelyDay: I told you to kill that pult
(37:01 / All) 21382411528isdi: we play moe after this riteGHt?
(37:09 / All) WhatALovelyDay: yeah
(37:11 / All) 21382411528isdi: k
(37:34 / All) 21382411528isdi: Got 3 staff
(37:37 / All) 21382411528isdi: tell me when
(37:51 / All) 21382411528isdi: he has invul pot
(37:56 / All) Heat: fail haha
(37:57 / All) 21382411528isdi: going bot mid
(38:02 / All) 21382411528isdi: haha!!!
(38:03 / All) SCIENCE.KID: u goin down blue
(38:08 / All) 21382411528isdi: at bot left righer voexpo
(38:09 / All) Heat: fail plan hahah
(38:10 / All) 21382411528isdi: at biot nuid shioop
(38:17 / All) 21382411528isdi: going mid right
(38:21 / All) SCIENCE.KID: it actually worked u wasted invul pot
(38:27 / All) Heat: bah
(38:31 / All) 21382411528isdi: at taven mid right going top
(38:35 / All) 21382411528isdi: on his way to top mid gob shop
(38:46 / All) 21382411528isdi: top right my expo
(38:51 / All) 21382411528isdi: top right going south
(38:54 / All) 21382411528isdi: going mid right maybe
(39:00 / All) Heat: haha
(39:02 / All) 21382411528isdi: going mid right
(39:04 / All) WhatALovelyDay: don't worry wards coming all over map
(39:05 / All) 21382411528isdi: going bot right inside
(39:13 / All) 21382411528isdi: bot right
(39:18 / All) 21382411528isdi: m,y base
(39:20 / All) 21382411528isdi: bot mid
(39:25 / All) 21382411528isdi: on his way bot mid
(39:49 / All) 21382411528isdi: Staffed
(39:52 / All) 21382411528isdi: on cd now
(39:55 / All) Heat: LOLOL
(40:04 / All) 21382411528isdi: going north
(40:08 / All) Heat: no micro guys haha'
(40:13 / All) 21382411528isdi: haha!!!]
(40:19 / All) 21382411528isdi: going top righto utside
(40:22 / All) WhatALovelyDay: durrr I can wind walk durr
(40:30 / All) 21382411528isdi: top righto utside soutgh
(40:34 / All) 21382411528isdi: going ight
(40:36 / All) 21382411528isdi: ight mid
(40:40 / All) Heat: aiight im gonna make a coffee. u can kill hero now
(40:43 / All) Heat: i allow u 2 haha
(40:46 / All) 21382411528isdi: lol
(40:47 / All) WhatALovelyDay: lawl
(40:47 / All) Heat: im middle right
(40:50 / All) WhatALovelyDay: you have zero chance
(40:51 / All) WhatALovelyDay: of living
(40:52 / All) SCIENCE.KID: giving up means we win
(41:04 / All) Heat: and i come bearing gifts haha
(41:11 / All) 21382411528isdi: hahahah!!!!
(41:16 / All) WhatALovelyDay: I got this map lit up like a christmas tree
(41:18 / All) Heat: k coffee time
(41:20 / All) WhatALovelyDay: with wards on the minimap
(41:22 / All) 21382411528isdi: haha!
(41:30 / All) 21382411528isdi: \
(41:34 / All) WhatALovelyDay: aight let blue win
(41:37 / All) 21382411528isdi: yOUR TEAM LOSE IMO
(41:39 / All) 21382411528isdi: you sure?